 Dungeon Crawl Stone Soup version 0.23-a0-151-gf6d1ed2 (webtiles) character file.

90 EvilAliv3 the Skirmisher (level 4, 37/37 HPs)
             Began as a Demonspawn Abyssal Knight on Sept 8, 2018.
             Was a Believer of Lugonu.
             Quit the game on level 2 of the Dungeon.
             The game lasted 00:10:24 (1585 turns).

EvilAliv3 the Skirmisher (DsAK)                     Turns: 1585, Time: 00:10:24

Health: 37/37      AC:  3    Str: 13    XL:     4   Next: 32%
Magic:  6/6        EV: 12    Int: 14    God:    Lugonu [**....]
Gold:   57         SH:  0    Dex: 12    Spells: 3/3 levels left

rFire    . . .     SeeInvis .   a - +1 falchion
rCold    . . .     Gourm    .   (no shield)
rNeg     . . .     Faith    .   b - +0 leather armour
rPois    .         Spirit   .   (helmet restricted)
rElec    .         Reflect  .   (no cloak)
rCorr    .         Harm     .   (no gloves)
MR       .....                  (no boots)
Stlth    +.........             (no amulet)
HPRegen  0.12/turn              (no ring)
MPRegen  0.10/turn              (no ring)

@: no status effects
A: antennae 1, hooves 1, spiny 1
a: Depart the Abyss, Bend Space, Renounce Religion


You were on level 2 of the Dungeon.
You worshipped Lugonu.
Lugonu was pleased with you.
You were not hungry.

You visited 1 branch of the dungeon, and saw 2 of its levels.
You visited the Abyss 1 time.

You collected 57 gold pieces.

Inventory:

Hand Weapons
 a - a +1 falchion (weapon)
Armour
 b - a +0 leather armour (worn)
Jewellery
 i - a cursed ring of poison resistance {unknown}
Scrolls
 g - 2 scrolls of identify {unknown}
 j - a scroll of enchant weapon {unknown}
 k - a scroll of immolation {unknown}
Potions
 d - a potion of magic {unknown}
 e - a potion of lignification {unknown}
 h - a potion of flight {unknown}
Comestibles
 c - 4 rations
 f - 2 chunks of flesh


   Skills:
 + Level 4.0 Fighting
 - Level 1.7 Long Blades
 - Level 2.3 Armour
 - Level 1.7 Dodging
 * Level 0.2 Unarmed Combat
 + Level 3.4 Invocations


You had 3 spell levels left.
You didn't know any spells.
Your spell library was empty.

Dungeon Overview and Level Annotations

Branches:
Dungeon (2/15)

Altars:
Sif Muna


Innate Abilities, Weirdness & Mutations

You have a pair of small antennae on your head.
You have large cloven feet.
You are partially covered in sharp spines.


Message History

Items here: )))) † a short sword; a dagger; a club x2; a goblin corpse You butcher the goblin corpse.
f - 3 chunks of flesh (gained 1)
Items here: )))) a short sword; a dagger; a club x2
Eating one of 3 chunks of flesh.
You eat one of the 3 chunks of flesh.
This raw flesh tastes terrible.
Found 25 bolts.
A worm comes into view.
A worm is nearby!
Saving game... please wait.
Welcome back, EvilAliv3 the Demonspawn Abyssal Knight.
Lugonu says: Spread carnage and corruption!
Press ? for a list of commands and other information.
Saving game... please wait.
Welcome back, EvilAliv3 the Demonspawn Abyssal Knight.
Lugonu says: Spread carnage and corruption!
Press ? for a list of commands and other information.
Are you sure you want to abandon this character and quit the game? (Confirm

.. ## w## #. .. ...
#. #. .. #. #.
.###### ##'#
#.#....... #...
#.........
#...######@..##..
#.....÷)......'...
#....###......#(..
##'#.# #......# . #
#.# #......# ## #.#
#...(..# #. #. #.#
#......# #. #. #.#
#......# #. #.
#########.###......#
##.##.


You could see a worm.

Vanquished Creatures
  Terence (D:2)
  An ooze (D:1)
  A worm (D:2)
  2 dart slugs (D:1)
  3 leopard geckos
  10 goblins
  4 hobgoblins
  3 jackals (D:2)
  2 ball pythons
  9 bats
  4 frilled lizards
  5 kobolds
  5 rats
50 creatures vanquished.

Vanquished Creatures (others)
  2 starspawn tentacles (Abyss:1)
2 creatures vanquished.

Grand Total: 52 creatures vanquished

Notes
Turn   | Place    | Note
-------+----------+-------------------------------------------
     0 | Abyss:1  | EvilAliv3 the Demonspawn Abyssal Knight began the quest for
                  | the Orb.
     0 | Abyss:1  | Reached XP level 1. HP: 18/18 MP: 2/2
     5 | Abyss:1  | Found a corrupted altar of Lugonu.
    58 | Abyss:1  | Noticed a tentacled starspawn
    66 | Abyss:2  | Noticed an orange demon
    86 | Abyss:2  | Noticed a neqoxec
    87 | D:1      | Escaped the Abyss
   136 | D:1      | Reached skill level 1 in Dodging
   183 | D:1      | Reached * piety under Lugonu
   187 | D:1      | Gained mutation: You have large cloven feet. [demonic
                  | ancestry]
   187 | D:1      | Reached XP level 2. HP: 11/24 MP: 4/4
   627 | D:1      | Gained mutation: You have a pair of small antennae on your
                  | head. [demonic ancestry]
   627 | D:1      | Reached XP level 3. HP: 29/29 MP: 5/5
  1213 | D:2      | Reached ** piety under Lugonu
  1293 | D:2      | Found a deep blue altar of Sif Muna.
  1303 | D:2      | Noticed Terence
  1325 | D:2      | Killed Terence
  1325 | D:2      | Reached skill level 4 in Fighting
  1325 | D:2      | Gained mutation: You are partially covered in sharp spines.
                  | [demonic ancestry]
  1325 | D:2      | Reached XP level 4. HP: 17/37 MP: 6/6
  1585 | D:2      | Quit the game

Vault maps used:
D:1:      lemuel_arrival_funnel, serial_bayou, serial_bayou_shore_a,
          serial_bayou_pond_d, serial_bayou_shore_b, serial_bayou_lagoon_a
D:2:      lemuel_doored_altar, serial_bayou_crossing, uniq_terence

Skill      XL: |  1  2  3 |
---------------+----------+-----
Dodging        | 1 |  1.7
Armour         | 2 |  2.3
Invocations    | 3 |  3.4
Fighting       | 4 |  4.0
Long Blades    | |  1.7
Unarmed Combat | |  0.2

Action                   |  1- 3 |  4- 6 || total
-------------------------+-------+-------++-------
Melee: Falchion          |   139 |    10 ||   149
       Kick              |    26 |     2 ||    28
Invok: Depart the Abyss  |     1 |       ||     1
  Eat: Chunk             |     2 |     1 ||     3
Armor: Leather armour    |    31 |       ||    31
Dodge: Dodged            |    75 |     4 ||    79
       Rpst.: Falchion   |    24 |     3 ||    27

Table legend:
 A = Non-vault XP
 B = Vault XP
 C = Vault XP percentage of total XP
 D = Non-vault monster count
 E = Vault monster count
 F = Vault count percentage of total count
                 A         B        C        D         E       F
            +---------+---------+-------+---------+---------+-------
      Total |      93 |      36 |  27.9 |      49 |       1 |   2.0
            +---------+---------+-------+---------+---------+-------
        D:1 |      51 |       0 |   0.0 |      26 |       0 |   0.0
        D:2 |      42 |      36 |  46.2 |      23 |       1 |   4.2
            +---------+---------+-------+---------+---------+-------
